 Dungeon Crawl Stone Soup version 0.30.0-20-g3615ddf2f0 (webtiles) character file.

Game seed: 8788668174589687622

308 qw the Chopper (level 6, -17/38 HPs)
             Began as a Gargoyle Fighter on May 31, 2023.
             Demolished by an orc warrior
             ... wielding a +0 glaive
              (18 damage)
             ... on level 4 of the Dungeon.
             The game lasted 00:01:45 (3128 turns).

qw the Chopper (Gargoyle Fighter)                   Turns: 3128, Time: 00:01:46

Health: -17/38     AC: 15    Str: 21    XL:     6   Next: 40%
Magic:  6/6        EV:  7    Int:  9    God:
Gold:   137        SH:  4    Dex:  9    Spells: 5/5 levels left

rFire   . . .        Y - +0 war axe (venom)
rCold   . . .        c - +0 buckler
rNeg    + . .        j - +0 chain mail
rPois   inf          (no helmet)
rElec   +            n - +1 cloak
rCorr   .            (no gloves)
SInv    .            (no boots)
Will    .....        (no amulet) Stlth
                     (no ring)
HPRegen 0.26/turn    (no ring)
MPRegen 0.10/turn

%: no passive effects
@: about to teleport
A: sickness immunity, AC +4, negative energy resistance 1, electricity
resistance, torment resistance 1, petrification resistance
a: no special abilities


You were on level 4 of the Dungeon.
You visited 1 branch of the dungeon, and saw 4 of its levels.

You collected 137 gold pieces.


Innate Abilities, Weirdness & Mutations

You are immune to sickness and miasma.
Your stone body is resilient. (AC +4)
You are immune to poison.
You resist negative energy. (rN+)
You are resistant to electric shocks. (rElec)
You are resistant to unholy torment.
You are immune to petrification.


   Skills:
 - Level 4.0 Fighting
 + Level 5.6 Axes
 - Level 3.2 Armour
 - Level 3.2 Shields


You had 5 spell levels left.
You didn't know any spells.
Your spell library was empty.

Inventory:

Hand Weapons
 g - a +0 flail
 Y - a +0 war axe of venom (weapon)
Armour
 c - a +0 buckler (worn)
 j - a +0 chain mail (worn)
 n - a +1 cloak (worn)
Jewellery
 f - a ring of positive energy
 o - a ring of resist corrosion
Scrolls
 e - 2 scrolls of teleportation
Potions
 a - 2 potions of lignification {unknown}
 b - a potion of cancellation {unknown}
 d - a potion of might
 h - a potion of heal wounds {unknown}
 i - a potion of degeneration {unknown}
 k - 2 potions of curing {unknown}
 l - a potion of invisibility {unknown}
 m - a potion of mutation {unknown}

Dungeon Overview and Level Annotations

Branches:
Dungeon (4/15)
 Temple: D:4-7

Altars:

Portals:
Abyss: D:4

Annotations:
D:4 2 transporters, qw's ghost, amateur GrFi


Message History

Enter note:
Enter note:
Enter note:
Enter note:
Enter note: The orc warrior hits you but does no damage.
Enter note:
Enter note:
Enter note:
Enter note:
Enter note:
Enter note:
Enter note:
Enter note:
Enter note:
Enter note:
Enter note:
Enter note: You hit the orc warrior.
The orc warrior is lightly wounded.
The orc warrior hits you with a +0 glaive!
You hit the orc warrior.
The orc warrior is poisoned.
The orc warrior is moderately wounded.
The orc warrior hits you with a +0 glaive.
The orc warrior hits you with a +0 glaive!
You closely miss the orc warrior.
The orc warrior is moderately wounded.
The orc warrior hits you with a +0 glaive!
3126 ||| READING 3 scrolls of teleportation.
As you read the scroll of teleportation, it crumbles to dust.
You feel strangely unstable.
The orc warrior hits you but does no damage.
You hit the orc warrior.
The orc warrior looks as sick as possible!
The orc warrior is heavily wounded.
The orc warrior hits you with a +0 glaive!
You hit the orc warrior.
The orc warrior is almost dead.
The orc warrior hits you with a +0 glaive!!
You die...

###### ...... #..........#
...... #..........# ......
#..........# ).....
#..........# ......
#..........#
......#######..........#
...........##....o.....#
.....>.....##...@......#
###........##..........#
#####+####.............#
#.....####......###############
................'..>..........#
#.########......###.#########.#
#... #####......# #.# #.#
####.#..........###'### #.#
#................# #.#


You could see an orc warrior (extremely poisoned).

Vanquished Creatures
  Blork the orc (D:4)
  2 hounds (D:4)
  An adder (D:2)
  7 gnolls (D:3)
  An ufetubus (D:4)
  A worm (D:2)
  A dart slug (D:1)
  10 orcs
  6 endoplasms
  2 giant cockroaches
  7 goblins
  6 hobgoblins
  9 jackals
  7 quokkas
  6 ball pythons
  7 bats
  5 frilled lizards
  4 kobolds
  7 rats
90 creatures vanquished.

Notes
Turn   | Place    | Note
-------+----------+-------------------------------------------
     0 | D:1      | qw the Gargoyle Fighter began the quest for the Orb.
     0 | D:1      | Reached XP level 1. HP: 14/14 MP: 1/1
     0 | D:1      | 0 ||| qw: Version: 0.2-a-102-gfc559e5
     0 | D:1      | 0 ||| qw: Game counter: 514
     0 | D:1      | 0 ||| qw: Always use a shield: true
     0 | D:1      | 0 ||| qw: God list: Okawaru
     0 | D:1      | 0 ||| qw: Allow faded altars: false
     0 | D:1      | 0 ||| qw: Do Orc after D:15 true
     0 | D:1      | 0 ||| qw: Do second Lair branch before Depths: true
     0 | D:1      | 0 ||| qw: Lair rune preference: random
     0 | D:1      | 0 ||| qw: Plans: Normal, Zot:1-4, Slime:5, God:TSO, Crypt,
                  | Tomb, Pan, Hells, Abyss, Win
     0 | D:1      | 0 ||| PLANNING D:1-11
   140 | D:1      | Reached skill level 2 in Axes
   150 | D:1      | 150 ||| FLEEEEING.
   153 | D:1      | 153 ||| FLEEEEING.
   207 | D:1      | 207 ||| Stepping ~*~*~tactically~*~*~ (stealth).
   209 | D:1      | 209 ||| Stepping ~*~*~tactically~*~*~ (stealth).
   210 | D:1      | 210 ||| Stepping ~*~*~tactically~*~*~ (stealth).
   212 | D:1      | 212 ||| Stepping ~*~*~tactically~*~*~ (stealth).
   217 | D:1      | Reached XP level 2. HP: 15/19 MP: 2/2
   230 | D:1      | 230 ||| FLEEEEING.
   232 | D:1      | 232 ||| FLEEEEING.
   246 | D:1      | 246 ||| Stepping ~*~*~tactically~*~*~ (stealth).
   459 | D:1      | Reached skill level 3 in Axes
   699 | D:1      | Reached XP level 3. HP: 23/23 MP: 3/3
   862 | D:1      | 862 ||| READING scroll labelled JUSUDO GANE.
   934 | D:2      | 934 ||| Stepping ~*~*~tactically~*~*~ (stealth).
   980 | D:2      | 980 ||| Stepping ~*~*~tactically~*~*~ (stealth).
   988 | D:2      | 988 ||| FLEEEEING.
   989 | D:2      | 989 ||| FLEEEEING.
   992 | D:2      | 992 ||| FLEEEEING.
  1058 | D:2      | Reached XP level 4. HP: 25/28 MP: 4/4
  1151 | D:2      | 1151 ||| SWAPPING to +0 war axe of venom.
  1152 | D:2      | 1152 ||| DROPPING +0 war axe.
  1209 | D:2      | 1209 ||| Stepping ~*~*~tactically~*~*~ (stealth).
  1254 | D:2      | Reached skill level 4 in Axes
  1421 | D:2      | Found a faded altar of an unknown god.
  1605 | D:2      | 1605 ||| UPGRADING to +0 chain mail.
  1615 | D:2      | 1615 ||| DROPPING +0 scale mail.
  1616 | D:2      | 1616 ||| UPGRADING to +1 cloak.
  1621 | D:2      | 1621 ||| DROPPING ring of magical power.
  1622 | D:2      | 1622 ||| READING scroll labelled YSTIHUREANN.
  1623 | D:2      | 1623 ||| READING scroll labelled GUYMIG ALISMYI.
  1642 | D:2      | 1642 ||| DRINKING 2 grey potions.
  1643 | D:2      | 1643 ||| DROPPING potion of brilliance.
  1781 | D:3      | 1781 ||| Stepping ~*~*~tactically~*~*~ (stealth).
  1798 | D:3      | Reached XP level 5. HP: 31/32 MP: 5/5
  1802 | D:3      | 1802 ||| DROPPING +0 whip.
  1825 | D:3      | 1825 ||| Stepping ~*~*~tactically~*~*~ (hiding).
  1827 | D:3      | 1827 ||| Stepping ~*~*~tactically~*~*~ (hiding).
  1853 | D:3      | 1853 ||| Stepping ~*~*~tactically~*~*~ (hiding).
  1855 | D:3      | 1855 ||| Stepping ~*~*~tactically~*~*~ (hiding).
  1865 | D:3      | Reached skill level 5 in Axes
  2368 | D:3      | 2368 ||| READING scroll labelled SEUPYUWARU.
  2369 | D:3      | 2369 ||| READING scroll labelled ZAVO NEICS.
  2429 | D:4      | Reached XP level 6. HP: 32/38 MP: 6/6
  2534 | D:4      | Found a transporter.
  2542 | D:4      | Found a one-way gate to the infinite horrors of the Abyss.
  2542 | D:4      | Noticed qw's ghost (amateur GrFi)
  2642 | D:4      | 2642 ||| Stepping ~*~*~tactically~*~*~ (hiding).
  2645 | D:4      | 2645 ||| Stepping ~*~*~tactically~*~*~ (hiding).
  2776 | D:4      | Found a transporter.
  2782 | D:4      | Noticed a toenail golem
  2788 | D:4      | Noticed Blork the orc
  2789 | D:4      | 2789 ||| Stepping ~*~*~tactically~*~*~ (hiding).
  2791 | D:4      | 2791 ||| Stepping ~*~*~tactically~*~*~ (hiding).
  2792 | D:4      | 2792 ||| Stepping ~*~*~tactically~*~*~ (hiding).
  2801 | D:4      | Killed Blork the orc
  2817 | D:4      | Noticed an orc warrior
  2825 | D:4      | HP: 9/38 [orc warrior/+0 glaive (4)]
  2826 | D:4      | 2826 ||| READING 3 scrolls of teleportation.
  3125 | D:4      | HP: 8/38 [orc warrior/+0 glaive (11)]
  3126 | D:4      | 3126 ||| READING 3 scrolls of teleportation.
  3127 | D:4      | HP: 1/38 [orc warrior/+0 glaive (8)]
  3128 | D:4      | Demolished by an orc warrior

Levels and vault maps discovered:
D:1:      saegor_arrival_simple_c, layout_loops_ring
D:2:      minmay_inner_zag, layout_basic,
          hellmonk_ecumenical_altar_leap_of_faith, grunt_ministairs_8
D:3:      layout_loops_ring, minmay_misc_feat_iff, palyth_stone_intersect
D:4:      layout_basic, gammafunk_ghost_abyssal_escape, uniq_blork_the_orc

Skill      XL: |  1  2  3  4  5 |
---------------+----------------+-----
Axes           | 2 3 4 5 |  5.6
Fighting       | 4 |  4.0
Armour         | |  3.2
Shields        | |  3.2

Action                     |  1- 3 |  4- 6 || total
---------------------------+-------+-------++-------
  Melee: War axe           |   121 |   145 ||   266
    Use: Scroll            |     1 |     6 ||     7
         Potion            |       |     1 ||     1
 Armour: Scale mail        |    57 |    32 ||    89
         Chain mail        |       |    43 ||    43
  Dodge: Dodged            |    49 |    57 ||   106
  Block: Buckler           |    16 |    33 ||    49

Table legend:
 A = Non-vault XP
 B = Vault XP
 C = Vault XP percentage of total XP
 D = Non-vault monster count
 E = Vault monster count
 F = Vault count percentage of total count
                 A         B        C        D         E       F
            +---------+---------+-------+---------+---------+-------
      Total |     334 |     107 |  24.3 |      82 |       8 |   8.9
            +---------+---------+-------+---------+---------+-------
        D:1 |      43 |       0 |   0.0 |      24 |       0 |   0.0
        D:2 |      58 |      22 |  27.5 |      28 |       7 |  20.0
        D:3 |     118 |       0 |   0.0 |      18 |       0 |   0.0
        D:4 |     115 |      85 |  42.5 |      12 |       1 |   7.7
            +---------+---------+-------+---------+---------+-------
